 Dungeon Crawl Stone Soup version 0.31-a0-187-gba352fbbf7 (webtiles) character file.

Game seed: 14575050216205105744

4 qw the Shooter (level 1, -1/12 HPs)
             Began as a Deep Elf Hunter on June 22, 2023.
             Slain by a quokka (4 damage)
             ... on level 1 of the Dungeon.
             The game lasted 00:00:00 (35 turns).

qw the Shooter (Deep Elf Hunter)                      Turns: 35, Time: 00:00:01

Health: -1/12      AC:  3    Str:  8    XL:     1   Next: 50%
Magic:  3/3        EV: 12    Int: 13    God:
Gold:   30         SH:  0    Dex: 18    Spells: 0/0 levels left

rFire   . . .        a - +0 shortbow
rCold   . . .        (shield currently unavailable)
rNeg    . . .        c - +0 leather armour
rPois   .            (no helmet)
rElec   .            (no cloak)
rCorr   .            (no gloves)
SInv    .            (no boots)
Will    .....        (no amulet)
Stlth   ++           (no ring)
HPRegen 0.22/turn    (no ring)
MPRegen 0.08/turn

%: no passive effects
@: no status effects
A: no striking features
a: no special abilities


You were on level 1 of the Dungeon.
You visited 1 branch of the dungeon, and saw 1 of its levels.

You collected 30 gold pieces.


   Skills:
 - Level 1.5 Fighting
 + Level 5.6 Ranged Weapons
 - Level 2.4 Dodging
 - Level 1.2 Stealth


You couldn't memorise any spells.
You didn't know any spells.
Your spell library was empty.

Inventory:

Hand Weapons
 a - a +0 shortbow (weapon)
Armour
 c - a +0 leather armour (worn)
Scrolls
 b - a scroll of butterflies

Dungeon Overview and Level Annotations

Branches:
Dungeon (1/15)

Altars:


Message History

Waypoint 0 assigned to D:1.
0 ||| PLANNING D:1-11
Found a leather armour.
You now have 6 gold pieces.
You now have 17 gold pieces (gained 11).
Found a club.
You now have 30 gold pieces (gained 13).
A sourceless malevolence fills the Dungeon... and a teleportation trap spontaneously manifests!
You are yanked towards some nearby monsters!
Your surroundings suddenly seem different. 4 jackals and a quokka come into view.
Found a helmet.
Found a stone staircase leading down.
The jackal barks! x2; You hear an angry hiss.
You shoot an arrow. The jackal barks! x2
The arrow hits the jackal.
You kill the jackal!
You shoot an arrow. The arrow completely misses the quokka.
The quokka closely misses you.
You shoot an arrow. The arrow closely misses the quokka.
The quokka barely misses you.
You shoot an arrow.
The arrow hits the jackal but does no damage.
The jackal bites you. The quokka bites you.
You shoot an arrow. The arrow hits the jackal.
You kill the jackal!
The jackal bites you but does no damage.
The quokka closely misses you. The jackal bites you.
The jackal closely misses you. The quokka bites you.
You shoot an arrow. The arrow hits the jackal.
You kill the jackal!
The jackal barely misses you. The quokka barely misses you.
The jackal barely misses you.
You shoot an arrow. The arrow closely misses the jackal.
The quokka bites you. The jackal closely misses you.
The quokka barely misses you. The jackal barely misses you.
A frilled lizard comes into view.
You shoot an arrow. The arrow completely misses the jackal.
The jackal closely misses you. The quokka bites you.
You die...

...# #.#.#
#...... #.# .#
#...[.. #.# .#
#......
#.####[###......
.<......+ .....
#.####..# ...
#.# #r##### ##.
#.@...# #
#h.%..#
#........#
#..%.....#
#........#
#.#........
..+....>...
####.....l..


You could see a quokka, a jackal and a frilled lizard.

Vanquished Creatures
  3 jackals (D:1)
3 creatures vanquished.

Notes
Turn   | Place    | Note
-------+----------+-------------------------------------------
     0 | D:1      | qw the Deep Elf Hunter began the quest for the Orb.
     0 | D:1      | Reached XP level 1. HP: 12/12 MP: 3/3
     0 | D:1      | 0 ||| qw: Version: 0.3-a-9-g12657ce
     0 | D:1      | 0 ||| qw: Game counter: 1964
     0 | D:1      | 0 ||| qw: Always use a shield: true
     0 | D:1      | 0 ||| qw: God list: Okawaru
     0 | D:1      | 0 ||| qw: Allow faded altars: false
     0 | D:1      | 0 ||| qw: Do Orc after D:15 true
     0 | D:1      | 0 ||| qw: Do second Lair branch before Depths: true
     0 | D:1      | 0 ||| qw: Lair rune preference: random
     0 | D:1      | 0 ||| qw: Plans: Normal
     0 | D:1      | 0 ||| PLANNING D:1-11
    34 | D:1      | HP: 2/12 [quokka (2)]
    35 | D:1      | Slain by a quokka

Levels and vault maps discovered:
D:1:      roderic_octagonal_star, layout_basic, dk_noncrumbling_3

Action                     || total
---------------------------++-------
   Fire: Shortbow          ||     8
 Armour: Leather armour    ||     1
  Dodge: Dodged            ||    11

Table legend:
 A = Non-vault XP
 B = Vault XP
 C = Vault XP percentage of total XP
 D = Non-vault monster count
 E = Vault monster count
 F = Vault count percentage of total count
                 A         B        C        D         E       F
            +---------+---------+-------+---------+---------+-------
      Total |       6 |       0 |   0.0 |       3 |       0 |   0.0
            +---------+---------+-------+---------+---------+-------
        D:1 |       6 |       0 |   0.0 |       3 |       0 |   0.0
            +---------+---------+-------+---------+---------+-------
